Map: Blackpink LE

Players

Bourbond

  • Race: Terran Terran
  • League: Master
  • Spawn Location: 1:00

KarrA - Winner!

  • Race: Terran Terran
  • League: Master
  • Spawn Location: 7:00

VOD

Have the link to the VOD?

Description

Time

  • Played on: Dec. 25, 2017, 5:32 a.m.
  • Length: 16:17
Show
View Real Time Build Order
Export as new Build Order

Bourbond Terran 

Build Orders: 1/1/1, Cyclone Opening, MMM Bio 

Get SALT Encoding   

  12  0:01  SCV  
  13  0:13  SCV  
  14  0:18  Supply Depot  
  14  0:25  SCV  
  15  0:29  Refinery  
  15  0:40  SCV  
  16  0:46  Barracks  
  16  0:52  SCV  
  17  0:57  Refinery  
  17  1:04  SCV  
  18  1:16  SCV  
  19  1:32  Orbital Command  
  19  1:33  Reaper  
  19  1:37  Factory  
  20  1:50  Supply Depot  
  20  1:58  SCV  
  21  2:05  Reaper  
  22  2:10  SCV  
  24  2:22  SCV  
  24  2:27  Cyclone  
  24  2:28  Starport  
  27  2:35  SCV  
  28  2:37  Supply Depot  
  28  2:44  Barracks Reactor  
  28  2:47  SCV  
  29  2:54  Liberator  
  29  2:59  SCV  
  29  3:03  Hellion  
  32  3:11  SCV  
  36  3:13  Supply Depot  
  36  3:26  SCV  
  37  3:34  Cyclone  
  40  3:43  Command Center  
  40  3:46  Marine  
  39  3:49  Supply Depot  
  39  3:51  SCV  
  39  3:54  Medivac  
  42  3:58  Marine  
  43  4:03  SCV  
  43  4:09  Factory Tech Lab  
  44  4:18  SCV  
  45  4:30  SCV  
  46  4:31  Command Center  
  46  4:34  Supply Depot  
  46  4:38  Barracks  
  46  4:43  Siege Tank  
  49  4:49  SCV  
  47  4:58  Starport Tech Lab  
  47  5:00  Barracks  
  45  5:27  SCV  
  41  5:33  Marine x2, Siege Tank  
  43  5:38  Stimpack  
  43  5:39  SCV  
  43  5:42  Engineering Bay  
  39  5:43  Engineering Bay  
  39  5:46  Marauder  
  37  6:00  Marine x2  
  37  6:01  Marine  
  40  6:05  Siege Tank  
  40  6:07  Marine  
  43  6:14  Orbital Command  
  42  6:25  Marine, SCV  
  43  6:26  Terran Infantry Weapons Level 1  
  44  6:35  Orbital Command  
  44  6:37  Marine  
  44  6:38  Siege Tank  
  48  6:44  SCV, Marauder  
  52  6:47  Barracks Reactor  
  52  6:48  Marine  
  52  6:50  Starport Reactor  
  52  6:53  Orbital Command  
  52  6:56  SCV  
  53  7:03  SCV  
  54  7:10  Siege Tank  
  54  7:11  Terran Infantry Armor Level 1  
  44  7:29  SCV x3  
  43  7:30  Marine x2  
  43  7:31  Marine x2  
  46  7:40  Marine  
  46  7:41  SCV x2  
  46  7:42  Siege Tank  
  51  7:45  Combat Shields  
  51  7:48  Marine  
  52  7:52  Marine  
  52  7:53  Marine  
  52  7:55  SCV  
  55  7:58  SCV  
  55  8:00  Marine x2  
  58  8:05  Medivac  
  58  8:06  Marine  
  58  8:09  SCV  
  58  8:10  SCV  
  63  8:14  SCV  
  63  8:19  Refinery  
  64  8:21  SCV  
  64  8:23  Marine x2  
  64  8:24  Marine x2  
  69  8:29  Siege Tank  
  69  8:31  SCV  
  73  8:35  Refinery  
  73  8:47  SCV x3  
  76  8:56  Armory  
  76  8:57  Marine x3  
  76  8:58  Marine, Barracks  
  76  8:59  Medivac, Barracks  
  76  9:00  SCV  
  83  9:05  SCV  
  83  9:06  SCV  
  85  9:18  Orbital Command  
  85  9:30  Marine  
  85  9:31  Marine  
  85  9:45  Terran Infantry Weapons Level 2, Terran Infantry Armor Level 2  
  85  10:02  Barracks Reactor  
  85  10:03  Barracks Reactor  
  85  10:04  Command Center  
  79  10:43  Supply Depot  
  79  10:44  Supply Depot  
  79  11:01  Marine x5, SCV x2  
  79  11:02  Supply Depot x2  
  86  11:04  Marine x4  
  86  11:05  Medivac x2  
  94  11:13  SCV  
  95  11:19  Marine x5  
  95  11:20  SCV  
  95  11:22  Marine x4  
  104  11:37  Marine x5  
  105  11:40  Marine x2  
  104  11:47  Marine  
  104  11:48  Marine  
  106  11:54  Marine x4  
  106  11:56  SCV x2  
  105  12:13  Marine x2  
  107  12:25  Marine x2  
  109  12:34  Marine x2  
  109  12:35  Marine x3, Marauder  
  92  12:44  Orbital Command  
  92  12:51  Marine x2  
  92  12:52  Marine x2  
  92  12:53  Terran Infantry Armor Level 3, Terran Infantry Weapons Level 3  
  92  12:54  Command Center  
  92  12:55  Medivac  
  92  12:56  Marauder  
  100  12:59  SCV  
  93  13:10  Marine x5  
  98  13:17  Marauder  
  79  13:22  Marine x3  
  63  13:27  Marine  
  63  13:28  Marine x2  
  62  13:39  Marauder, SCV x2  
  66  13:43  SCV  
  67  13:51  SCV x2  
  67  13:54  Marine x5  
  67  13:55  Marine x2  
  76  13:57  Concussive Shells  
  76  14:00  Marauder  
  78  14:04  SCV x3  
  78  14:06  SCV  
  82  14:13  Medivac x2  
  82  14:14  Siege Tank  
  82  14:16  SCV  
  89  14:20  SCV x3  
  90  14:36  Marine x2  
  90  14:37  Marine x6, Marauder  
  76  14:42  SCV  
  75  14:48  SCV  
  76  14:54  Marine x3  
  76  14:58  Marauder  
  81  15:00  Marine x4  
  81  15:01  Marine  
  81  15:04  Siege Tank  
  89  15:09  Factory  
  79  15:18  Marine  
  79  15:19  Marine x3  
  79  15:20  Marauder  
  83  15:23  Marine  
  83  15:24  Marine x2  
  79  15:28  Barracks  
  79  15:30  Barracks x2  
  79  15:32  Marine  
  79  15:35  Planetary Fortress  
  80  15:36  Marine x2  
  80  15:37  Marine  
  80  15:41  Marine, Marauder  
  56  15:58  Marine x4  
  56  15:59  Marine x2  
  56  16:03  Factory Tech Lab  
Show
View Real Time Build Order
Export as new Build Order

KarrA Terran - Winner!

Build Orders: Cyclone Opening, Reaper Expand 

Get SALT Encoding   

  12  0:01  SCV  
  13  0:13  SCV  
  14  0:18  Supply Depot  
  14  0:25  SCV  
  15  0:34  Refinery  
  15  0:40  SCV  
  16  0:45  Barracks  
  16  0:52  SCV  
  17  1:04  SCV  
  18  1:16  SCV  
  19  1:32  Reaper, Orbital Command  
  20  1:44  Command Center  
  20  1:54  Factory  
  20  1:58  SCV  
  21  2:02  Refinery  
  21  2:10  SCV  
  21  2:12  Barracks Reactor  
  22  2:20  Supply Depot  
  22  2:22  SCV  
  23  2:42  SCV  
  23  2:51  Cyclone  
  23  2:54  SCV  
  23  2:57  Orbital Command  
  27  3:00  Cyclone  
  27  3:05  Supply Depot  
  30  3:06  SCV  
  31  3:18  SCV  
  30  3:31  Cyclone  
  33  3:34  SCV x2  
  33  3:40  Cyclone  
  38  3:49  Command Center  
  38  3:50  SCV x2  
  40  4:02  SCV x2  
  42  4:04  Supply Depot  
  42  4:07  Cyclone  
  45  4:14  SCV  
  45  4:16  Cyclone  
  49  4:18  SCV  
  49  4:23  Supply Depot  
  50  4:27  Supply Depot  
  50  4:29  SCV  
  51  4:35  SCV  
  52  4:41  SCV  
  53  4:46  Cyclone  
  53  4:47  SCV  
  57  4:59  SCV  
  58  5:02  Refinery x2  
  58  5:03  SCV  
  58  5:05  Cyclone  
  61  5:12  SCV  
  58  5:20  Orbital Command  
  54  5:23  SCV  
  50  5:46  SCV  
  51  5:52  SCV x2  
  51  5:55  Cyclone  
  56  5:58  SCV  
  56  5:59  Supply Depot  
  56  6:01  Supply Depot  
  57  6:04  SCV  
  57  6:05  SCV  
  57  6:07  Cyclone  
  57  6:10  SCV  
  63  6:16  SCV  
  63  6:17  SCV  
  59  6:20  Factory  
  59  6:23  SCV  
  60  6:25  Factory  
  60  6:29  SCV x2  
  60  6:32  Cyclone  
  65  6:35  SCV  
  66  6:41  Cyclone, SCV x2  
  71  6:47  SCV  
  71  6:48  Orbital Command  
  71  6:53  SCV  
  74  6:55  Armory  
  74  6:59  SCV  
  74  7:05  SCV  
  75  7:09  Engineering Bay, Factory Reactor, Refinery  
  75  7:10  Factory Tech Lab  
  75  7:11  SCV  
  75  7:13  Refinery  
  76  7:17  SCV  
  76  7:21  SCV  
  66  7:24  SCV  
  66  7:25  Cyclone x2  
  67  7:32  Infernal Pre-Igniter  
  67  7:34  SCV x2  
  66  7:49  Factory, Terran Vehicle Weapons Level 1  
  66  7:50  Supply Depot, Factory, Hellion x3  
  72  7:52  Supply Depot, SCV x2  
  72  7:53  Supply Depot  
  72  7:56  SCV  
  72  7:57  Hellion  
  77  8:00  Supply Depot  
  77  8:03  Supply Depot  
  77  8:04  Supply Depot, SCV  
  77  8:05  SCV  
  79  8:08  SCV  
  79  8:12  Cyclone  
  83  8:13  Cyclone x2, Hellion  
  83  8:17  SCV x2  
  83  8:19  Hellion  
  95  8:20  SCV  
  96  8:29  SCV  
  96  8:32  Sensor Tower  
  96  8:33  Sensor Tower  
  97  8:34  Cyclone  
  97  8:35  Factory Tech Lab x2  
  97  8:40  Hellion  
  102  8:43  SCV x2  
  104  8:51  Cyclone x2, Rapid Fire Launchers  
  104  8:52  Hellion  
  112  8:57  Supply Depot  
  112  8:58  Supply Depot  
  112  9:01  SCV  
  112  9:02  Hellion  
  115  9:05  Hellion x2, SCV  
  116  9:17  Command Center  
  114  9:26  Cyclone x2  
  120  9:36  Command Center  
  120  9:40  Refinery  
  120  9:41  Cyclone x2  
  120  9:42  Hellion  
  128  9:52  Cyclone x2  
  134  9:54  SCV x2  
  131  10:16  SCV  
  131  10:17  SCV  
  131  10:18  Cyclone, Hellion  
  131  10:19  Cyclone, Hellion x2  
  143  10:24  Cyclone  
  142  10:34  Cyclone  
  145  10:39  Cyclone  
  145  10:40  Hellion x2  
  147  10:51  Planetary Fortress  
  147  11:10  SCV x3  
  143  11:18  Sensor Tower  
  143  11:22  SCV x3  
  146  11:27  Starport, Barracks Reactor  
  146  11:28  Cyclone x2, Hellion x4  
  146  11:29  SCV  
  146  11:31  Starport  
  157  11:34  SCV  
  157  11:38  SCV  
  159  11:42  Cyclone  
  159  11:43  SCV  
  163  11:49  Cyclone, Hellion x2  
  163  11:50  Hellion, SCV  
  173  12:01  Terran Vehicle Weapons Level 2  
  173  12:11  Siege Tank x2  
  173  12:12  Starport Reactor  
  173  12:13  Starport Reactor  
  173  12:14  Siege Tank  
  158  12:38  Hellion x2  
  158  12:39  Hellion x2  
  164  12:44  Refinery  
  164  12:52  Command Center  
  164  12:53  Refinery  
  164  12:57  Viking x2  
  168  13:02  Command Center  
  168  13:05  Viking x2  
  161  13:26  Siege Tank x3  
  139  13:27  Hellion  
  122  13:40  Hellion x2  
  124  13:44  SCV x3  
  127  13:55  Hellion x2  
  131  13:58  Siege Tank x3  
  140  14:07  Engineering Bay  
  142  14:17  Terran Vehicle And Ship Armor Level 1, Hellion x2  
  142  14:30  Siege Tank x2  
  144  14:35  Siege Tank, Hellion  
  137  14:39  SCV x2  
  137  14:42  Viking x2  
  137  14:45  SCV x2  
  145  14:58  Hellion x4  
  153  15:02  Siege Tank x2, Viking  
  161  15:07  Siege Tank  
  161  15:13  Liberator x2  
  162  15:23  Hellion x4  
  170  15:34  Siege Tank x2  
  170  15:35  Planetary Fortress  
  182  15:37  SCV x2  
  182  15:38  SCV x2  
  182  15:39  Siege Tank  
  166  15:54  Hellion  
  166  15:55  Hellion  
Tags
 
Add a new tag
Caveats
  • Supply blocks, unpowered buildings, or Contaminate may cause inaccurate times.
  • Supply counts are checked every 10 seconds.